 Dungeon Crawl Stone Soup version 0.29-a0-317-gd16b76e6b1 (webtiles) character file.

Game seed: 558003485657681115

214 nono the Skirmisher (level 5, -16/52 HPs)
             Began as a Palentonga Fighter on Jan 25, 2022.
             Killed from afar by Pikel (31 damage)
             ... with a bolt of acid
             ... on level 4 of the Dungeon on Mar 31, 2022.
             The game lasted 00:21:33 (3057 turns).

nono the Skirmisher (Palentonga Fighter)            Turns: 3057, Time: 00:21:33

Health: -16/52     AC:  7    Str: 21    XL:     5   Next: 59%
Magic:  5/5        EV:  7    Int:  8    God:
Gold:   96         SH:  4    Dex: 10    Spells: 4/4 levels left

rFire   + . .      SeeInvis +   h - +1 dagger "Jeunt" {flame, rF+ rC++ Will-}
rCold   + + .      Faith    .   c - +0 buckler
rNeg    + . .      Spirit   .   b - +0 scale mail
rPois   .          Reflect  .   (no helmet)
rElec   .          Harm     .   j - +0 cloak
rCorr   .          Rampage  .   (no gloves)
Will    .....                   (no barding)
Stlth   ..........              (no amulet)
HPRegen 0.97/turn               l - ring of positive energy
MPRegen 0.09/turn               (no ring)

@: studying Fighting
A: large, rugged brown scales 3, see invisible, deformed body, roll 1, armoured
tail, regeneration 1, MP-powered wands
a: Rolling Charge


You were on level 4 of the Dungeon.
You visited 1 branch of the dungeon, and saw 4 of its levels.

You collected 96 gold pieces.

Inventory:

Hand Weapons
 a - a +0 flail
 d - a +0 scimitar
 g - a +0 whip
 h - the +1 dagger "Jeunt" (weapon) {flame, rF+ rC++ Will-}
   (You found it on level 4 of the Dungeon)

   It burns those it strikes, dealing additional fire damage.
   rF:        It protects you from fire.
   rC:        It greatly protects you from cold.
   Will:      It decreases your willpower.
Armour
 b - a +0 scale mail (worn)
 c - a +0 buckler (worn)
 f - a +0 robe
 j - a +0 cloak (worn)
Jewellery
 l - a ring of positive energy (left hand)
 m - an amulet of guardian spirit
Scrolls
 e - a scroll of fear
 n - a scroll of teleportation {unknown}
Potions
 k - a potion of curing
 o - 2 potions of degeneration {unknown}
 p - a potion of brilliance {unknown}


   Skills:
 + Level 7.7 Fighting
 - Level 2.5 Maces & Flails
 - Level 2.4 Armour
 - Level 2.7 Shields


You had 4 spell levels left.
You didn't know any spells.
Your spell library was empty.

Dungeon Overview and Level Annotations

Branches:
Dungeon (4/15)
 Temple: D:4-7

Altars:
Makhleb

Shops:
D:1 :   D:2 *   D:3 (   D:4 =

Annotations:
D:2 Sigmund
D:4 Pikel


Innate Abilities, Weirdness & Mutations

You are completely covered in rugged brown scales. (AC +3, +7% HP)
You have supernaturally acute eyesight. (SInv)
Armour fits poorly on your strangely shaped body.
You can roll at nearby foes to attack.
You have a long armoured tail.
Your natural rate of healing is unusually fast.
You expend magic power (3 MP) to strengthen your wands.


Message History

You hit Pikel.
Your tail-slap misses Pikel.
Pikel is moderately wounded.
Pikel hits you with a +2 whip of freezing.
You barely miss Pikel.
Pikel is moderately wounded.
Pikel hits you with a +2 whip of freezing.
You miss Pikel.
Pikel is lightly wounded.
Pikel hits you with a +2 whip of freezing.
You hit Pikel.
Pikel is moderately wounded.
Pikel hits you with a +2 whip of freezing.
You completely miss Pikel.
Pikel is moderately wounded.
Pikel hits you but does no damage.
You hit Pikel.
Pikel is moderately wounded.
Pikel closely misses you.
You hit Pikel.
Pikel is moderately wounded.
Pikel hits you with a +2 whip of freezing.
A lemure comes into view.
You hit Pikel.
Pikel is moderately wounded.
Pikel hits you with a +2 whip of freezing!
Okay, then.
You closely miss Pikel. You tail-slap Pikel!
Pikel is heavily wounded.
Pikel says, "You'll make a fine lemure."
Pikel zaps a wand.
The bolt of acid hits you!!
* * * LOW HITPOINT WARNING * * *
You feel much better.
Pikel hits you with a +2 whip of freezing!
Pikel attacks as you move away! You block Pikel's attack.
Pikel attacks as you move away!
Pikel hits you with a +2 whip of freezing.
* * * LOW HITPOINT WARNING * * *
Pikel zaps a wand.
The bolt of acid hits you!!
Ouch! That really hurt!
You die...

..# #.##.###.# #.# #.#
#.# #.##...#.########.#
#.# #.#
#....<............# #.#
#.# ####...#.##########
#.##### #.# #.###.#
#..>... #.# #.# #.#
####### #.# #.# #.###
#.# #.# #...# ..# #.#
###@# 5. ### #.# #.# K#
#.# #K# .# #.# #5# 5#
#.# #.# .# #.# #5# .#
#.# ##5###########.#
#.####.#...5.K5.....#
#.....###..)######......


You could see Pikel (resistant) and 3 lemures.

Vanquished Creatures
  A scorpion (D:4)
  A hound (D:4)
  An iguana (D:4)
  2 adders (D:3)
  2 ufetubi (D:4)
  2 worms (D:3)
  4 orcs (D:4)
  7 ball pythons
  3 endoplasms
  2 giant cockroaches (D:3)
  6 goblins
  4 hobgoblins
  2 quokkas
  A bat (D:1)
  3 frilled lizards (D:1)
  11 kobolds
  7 rats
59 creatures vanquished.

Notes
Turn   | Place    | Note
-------+----------+-------------------------------------------
     0 | D:1      | nono the Palentonga Fighter began the quest for the Orb.
     0 | D:1      | Reached XP level 1. HP: 19/19 MP: 1/1
   153 | D:1      | Found a faded altar of an unknown god.
   195 | D:1      | Reached XP level 2. HP: 25/25 MP: 2/2
   459 | D:1      | Found Plog's Book Shoppe.
  1297 | D:2      | Found Dajorom's Assorted Antiques.
  1302 | D:2      | Gained mutation: Your natural rate of healing is unusually
                  | fast. [potion of mutation]
  1302 | D:2      | Gained mutation: You expend magic power (3 MP) to
                  | strengthen your wands. [potion of mutation]
  1338 | D:2      | Noticed Sigmund
  1632 | D:2      | Upgraded the game from 0.28-a0-1638-g9123634e07 to
                  | 0.29-a0-317-gd16b76e6b1
  1778 | D:3      | Reached XP level 3. HP: 31/31 MP: 3/3
  1849 | D:3      | Reached skill level 4 in Fighting
  2082 | D:3      | Reached skill level 5 in Fighting
  2144 | D:3      | Reached XP level 4. HP: 40/41 MP: 4/4
  2205 | D:3      | Found Ewetz's Antique Weapon Shop.
  2533 | D:4      | Reached skill level 6 in Fighting
  2593 | D:4      | Noticed a scorpion
  2605 | D:4      | Killed a scorpion
  2606 | D:4      | Reached skill level 7 in Fighting
  2606 | D:4      | Reached XP level 5. HP: 51/51 MP: 5/5
  2626 | D:4      | Found a burning altar of Makhleb.
  2696 | D:4      | Identified the +1 dagger "Jeunt" {flame, rF+ rC++ Will-}
  2875 | D:4      | Found Odiniul's Jewellery Emporium.
  3020 | D:4      | Noticed Pikel
  3020 | D:4      | Noticed a lemure
  3020 | D:4      | Noticed a lemure
  3052 | D:4      | Noticed a lemure
  3057 | D:4      | Killed from afar by Pikel

Illustrated notes

Levels and vault maps discovered:
D:1:      dpeg_arrival_court, layout_loops_ring, basic_ecumenical_altar,
          serial_shops, nicolae_shop_behind_doors, minmay_misc_feat_diagonals
D:2:      layout_basic, serial_shops, nicolae_shop_stone, minmay_tripent,
          uniq_sigmund
D:3:      layout_loops_ring, serial_shops, nicolae_shop_hallway_stairs,
          nicolae_concentric_dashed_squares_wild, chequers_serial_rivers_small_b
D:4:      layout_loops_ring, lightli_temple_of_fire, serial_shops,
          kennysheep_mini_moat, minmay_ruptured, uniq_pikel

Skill      XL: |  1  2  3  4 |
---------------+-------------+-----
Fighting       | 5 7 |  7.7
Maces & Flails | |  2.5
Armour         | |  2.4
Shields        | |  2.7

Action                   |  1- 3 |  4- 6 || total
-------------------------+-------+-------++-------
Melee: Flail             |   144 |    52 ||   196
       Tailslap          |    14 |    14 ||    28
       Dagger            |       |    29 ||    29
 Abil: Rolling Charge    |    18 |       ||    18
  Use: Potion            |     4 |     1 ||     5
       Scroll            |     1 |     2 ||     3
Armor: Scale mail        |    64 |    39 ||   103
Dodge: Dodged            |    47 |    32 ||    79
Block: Buckler           |    21 |    20 ||    41

Table legend: (Time is in decaauts)
 A = Elapsed time spent in this place.
 B = Non-inter-level travel time spent in this place.
 C = Inter-level travel time spent in this place.
 D = Time resting spent in this place.
 E = Time spent auto-exploring this place.
 F = Levels seen in this place.
 G = Mean time per level.
                   A        B        C        D        E       F      G
               +--------+--------+--------+--------+--------+-----+--------+
         Total |   3122 |   3002 |    120 |    266 |   1866 |   4 |  780.5 |
       Dungeon |   3122 |   3002 |    120 |    266 |   1866 |   4 |  780.5 |
               +--------+--------+--------+--------+--------+-----+--------+

Top non-repeatable levels by time:
     D:1: 1109 daAuts
     D:3: 735 daAuts
     D:4: 644 daAuts
     D:2: 632 daAuts
